 Dungeon Crawl Stone Soup version 0.29.1-1-gd02db6906a (webtiles) character file.

Game seed: 11775071152600042775

300 KamiKatze the Conjurer (level 6, -18/36 HPs)
             Began as an Octopode Conjurer on Sept 19, 2022.
             Was an Initiate of Vehumet.
             Demolished by Menkaure (22 damage)
             ... on level 4 of the Dungeon.
             The game lasted 00:13:26 (3527 turns).

KamiKatze the Conjurer (Octopode Conjurer)          Turns: 3527, Time: 00:13:26

Health: -18/36     AC:  1    Str:  6    XL:     6   Next: 36%
Magic:  7/11       EV: 13    Int: 23    God:    Vehumet [......]
Gold:   143        SH:  0    Dex: 10    Spells: 5/12 levels left

rFire   . . .      SeeInvis .   j - +1 short sword (venom)
rCold   . . .      Faith    .   (no shield)
rNeg    . . .      Spirit   .   (helmet restricted)
rPois   .          Reflect  .   k - amulet of regeneration
rElec   .          Harm     .   (no ring)
rCorr   .          Rampage  .   (no ring)
Will    .....                   (no ring)
Stlth   +++.......              (no ring)
HPRegen 0.92/turn               (no ring)
MPRegen 0.12/turn               (no ring)
                                (no ring)
                                (no ring)

@: no status effects
A: almost no armour, amphibious, 8 rings, camouflage 1, gelatinous body 1,
(nimble swimmer 1), tentacles
a: Renounce Religion


You were on level 4 of the Dungeon.
You worshipped Vehumet.
Vehumet was noncommittal.
You visited 2 branches of the dungeon, and saw 5 of its levels.

You collected 143 gold pieces.

Inventory:

Hand Weapons
 a - a +0 dagger
 j - a +1 short sword of venom (weapon)
Missiles
 f - 27 stones
 i - 6 poisoned darts (quivered)
Magical Staves
 p - a staff of cold
Jewellery
 k - an amulet of regeneration (around mantle)
Wands
 h - a wand of flame (13)
Scrolls
 g - a scroll of blinking
 r - a scroll of identify
Potions
 b - 2 potions of attraction
 c - 5 potions of curing
 d - 2 potions of heal wounds
 e - 2 potions of magic
 l - a potion of ambrosia
 m - a potion of invisibility
 n - a potion of berserk rage {unknown}
 o - a potion of mutation
 q - a potion of cancellation {unknown}


   Skills:
 - Level 3.0 Dodging
 - Level 4.0 Stealth
 * Level 3.8 Spellcasting
 + Level 4.6 Conjurations
 + Level 1.9 Hexes
 + Level 2.0 Translocations


You had 5 spell levels left.
You knew the following spells:

 Your Spells              Type           Power      Damage    Failure   Level
a - Magic Dart            Conj           100%       1d8       1%          1
b - Searing Ray           Conj           50%        2d6       2%          2
c - Fulminant Prism       Conj/Hex       9%         3d7       28%         4

Your spell library contained the following spells:

 Spells                   Type           Power      Damage    Failure   Level
 Dazzling Flash           Conj/Hex       38%        N/A       9%          3
 Conjure Flame            Conj/Fire      14%        6-21      12%         3
 Iskenderun's Mystic Bla  Conj/Tloc      19%        2d6       26%         4
 Ignite Poison            Fire/Tmut/Pois 4%         N/A       32%         3
 Sticky Flame             Conj/Fire      14%        2d4       38%         4


Dungeon Overview and Level Annotations

Branches:
Dungeon (4/15)             Temple (1/1) D:4

Altars:
Cheibriados
Dithmenos
Elyvilon
Fedhas
Hepliaklqana
Kikubaaqudgha
Nemelex Xobeh
Okawaru
Qazlal
Ru
Sif Muna
Trog
Uskayaw
Vehumet
Xom
The Shining One

Shops:
D:3 =

Annotations:
D:3 1 runed translucent door, exclusion: door, Zeus21348's ghost, amateur DsFi
D:4 Menkaure


Innate Abilities, Weirdness & Mutations

You cannot wear most types of armour.
You are amphibious.
You can wear up to eight rings at the same time.
Your skin changes colour to match your surroundings (Stealth+).
Your rubbery body absorbs attacks. (AC +1, EV +1)
((You are camouflaged when in or above water. (Stealth+)))
You have tentacles for arms and can constrict up to eight enemies at once.


Message History

Confirm with . or Enter, or press ? or * to list all spells.
Aiming: Searing Ray (safe; 2% risk of failure)
Press: ? - help, Shift-Dir - straight line, f/p - scorpion
Aim: a scorpion (heavily wounded, 79% to hit)
The searing ray hits the scorpion.
The scorpion is severely wounded. (Press . to maintain the ray.)
The scorpion closely misses you. The scorpion misses you.
The searing ray hits the scorpion.
You kill the scorpion!
Vehumet accepts your kill.
Your Translocations skill increases to level 2!
You see here a scorpion corpse.
You now have 143 gold pieces (gained 6).
r - a scroll of identify
Found a stone staircase leading down.
Menkaure, Prince of Dust comes into view.
The helpless Menkaure fails to defend himself.
You puncture Menkaure! You grab Menkaure.
Menkaure is moderately damaged.
You constrict Menkaure.
Menkaure whispers, "It doesn't hurt if you pull your brain out of your nose yourself."
Menkaure hits you!!
Ouch! That really hurt!
Casting: Searing Ray (safe; 2% risk of failure)
Confirm with . or Enter, or press ? or * to list all spells.
Aiming: Searing Ray (safe; 2% risk of failure)
Press: ? - help, Shift-Dir - straight line, f - Menkaure
Aim: Menkaure (moderately damaged, constricted by you, 100% to hit)
The searing ray hits Menkaure.
Menkaure is heavily damaged. (Press . to maintain the ray.)
You constrict Menkaure, but do no damage.
Menkaure hits you!
* * * LOW HITPOINT WARNING * * *
The searing ray hits Menkaure.
Menkaure is severely damaged.
You constrict Menkaure. Menkaure hits you!!
Ouch! That really hurt!
You die...

################
#...............
#######.##############
.....................#
#######.#.............
#.#..#.........#
#########.#..#.......#..
......M@....>#######.#.#
#########.#..# #.#.#
#.#..# #.#.# ..#..#####
#.#.# ###......###.#.#
#......+...#.#
#......###.#.#
#......+.....#
###.....###.#.#


You could see Menkaure.

Vanquished Creatures
  2 scorpions (D:4)
  An orc priest (D:2)
  An orc wizard (D:2)
  6 adders
  A worm (D:3)
  A dart slug (D:3)
  2 orcs (D:2)
  2 bats
  13 endoplasms
  3 giant cockroaches
  7 goblins
  5 hobgoblins
  6 kobolds
  3 quokkas
  7 ball pythons
  10 frilled lizards
  2 rats (D:2)
72 creatures vanquished.

Vanquished Creatures (others)
  An endoplasm (D:3)
1 creature vanquished.

Grand Total: 73 creatures vanquished

Notes
Turn   | Place    | Note
-------+----------+-------------------------------------------
     0 | D:1      | KamiKatze the Octopode Conjurer began the quest for the
                  | Orb.
     0 | D:1      | Reached XP level 1. HP: 11/11 MP: 3/3
   449 | D:1      | Reached XP level 2. HP: 17/17 MP: 0/5
   456 | D:1      | Learned a level 2 spell: Searing Ray
   694 | D:1      | Found a faded altar of an unknown god.
   853 | D:1      | Reached XP level 3. HP: 21/21 MP: 3/6
  1337 | D:2      | Reached skill level 1 in Translocations
  1429 | D:2      | Reached XP level 4. HP: 27/27 MP: 2/8
  1820 | D:2      | Reached skill level 1 in Hexes
  1826 | D:2      | Reached XP level 5. HP: 15/31 MP: 1/9
  1972 | D:2      | Learned a level 4 spell: Fulminant Prism
  2203 | D:3      | Found a runed translucent door.
  2205 | D:3      | Noticed Zeus21348's ghost (amateur DsFi)
  2430 | D:3      | Found a white marble altar of Elyvilon.
  2933 | D:3      | Found Ythroedofy's Jewellery Boutique.
  3101 | D:4      | Found a staircase to the Ecumenical Temple.
  3115 | Temple   | Entered the Ecumenical Temple
  3176 | Temple   | Became a worshipper of Vehumet
  3311 | D:4      | Reached XP level 6. HP: 8/36 MP: 2/11
  3522 | D:4      | Noticed Menkaure
  3527 | D:4      | Demolished by Menkaure

Illustrated notes

Levels and vault maps discovered:
D:1:      co_arrival_random_square_maze, layout_rooms,
          chequers_ecumenical_altar_island, hangedman_decor_riveting,
          minmay_lizard_pond
D:2:      layout_basic
D:3:      minmay_general_purpose_star, layout_loops_ring, elyvilon_altar_4,
          serial_shops, shop, gammafunk_ghost_grave, grunt_ministairs_9
D:4:      layout_basic, minmay_temple_entry_poolview, uniq_menkaure
Temple:   eino_wide_crystal_templ

Skill      XL: |  1  2  3  4  5  6 |
---------------+-------------------+-----
Stealth        | 3 4 |  4.0
Translocations | 1 2 |  2.0
Spellcasting   | 3 |  3.8
Hexes          | 1 |  1.9
Dodging        | 3 |  3.0
Conjurations   | |  4.6

Action                   |  1- 3 |  4- 6 || total
-------------------------+-------+-------++-------
Melee: Dagger            |     8 |       ||     8
       Constrict         |     3 |     4 ||     7
       Tentacles         |     1 |     4 ||     5
       Short sword       |     3 |    11 ||    14
 Cast: Magic Dart        |    53 |    52 ||   105
       Searing Ray       |       |    10 ||    10
  Use: Scroll            |     4 |     7 ||    11
       Potion            |       |     1 ||     1
 Stab: Sleeping          |       |     5 ||     5
Armor: Skin              |     2 |       ||     2
Dodge: Dodged            |    10 |     6 ||    16
